 Dungeon Crawl Stone Soup version 0.22.0-6-g71bd7aa (webtiles) character file.

26270 Azzok the Geomancer (level 13, -9/82 HPs)
             Began as a Gargoyle Earth Elementalist on Aug 14, 2018.
             Was an Elder of Vehumet.
             Shot with an arrow by a minotaur (25 damage)
             ... in a labyrinth.
             The game lasted 00:42:45 (20665 turns).

Azzok the Geomancer (Gargoyle Earth Elementalist)  Turns: 20665, Time: 00:42:47

Health: -9/82      AC: 17    Str: 16    XL:     13   Next: 24%
Magic:  0/34       EV: 12    Int: 20    God:    Vehumet [****..]
Gold:   777        SH:  4    Dex: 10    Spells: 18/29 levels left

rFire    + . .     SeeInvis +   a - staff of energy
rCold    . . .     Gourm    .   L - +0 buckler
rNeg     + . .     Faith    .   I - +2 robe {rF+}
rPois    ∞         Spirit   .   o - +0 helmet
rElec    +         Reflect  .   (no cloak)
rCorr    .         Harm     .   w - +2 pair of gloves {Str+3}
MR       .....                  (no boots)
Stlth    ++........             (no amulet)
HPRegen  0.23/turn              x - ring of magical power
MPRegen  0.24/turn              J - ring of see invisible

@: no status effects
A: negative energy resistance 1, electricity resistance, unbreathing,
petrification resistance, rot immunity, AC +9
a: Renounce Religion


You were in a labyrinth.
You worshipped Vehumet.
Vehumet was greatly pleased with you.
You were not hungry.

You visited 3 branches of the dungeon, and saw 18 of its levels.
You also visited: Labyrinth and Bailey.

You collected 821 gold pieces.
You spent 44 gold pieces at shops.

Inventory:

Hand Weapons
 b - a +2 dagger of venom
 s - the cursed +2 dagger of Mumet {drain, rF+ MR+ Str+3}
   (You found it on level 5 of the Dungeon)

   A truly terrible weapon, it drains the life of those it strikes.
   It affects your strength (+3).
   It protects you from fire.
   It affects your resistance to hostile enchantments.
   It has a curse placed upon it.
Missiles
 e - 345 stones (quivered)
Armour
 o - a +0 helmet (worn)
 w - a +2 pair of gloves of strength (worn)
 I - a +2 robe of fire resistance (worn)
 L - a +0 buckler (worn)
Magical Staves
 a - an uncursed staff of energy (weapon)
Jewellery
 x - a ring of magical power (left hand)
 y - an uncursed ring of wizardry
 H - an uncursed ring of resist corrosion
 J - a ring of see invisible (right hand)
Wands
 c - a wand of random effects (36)
 h - a wand of clouds (6)
 m - a wand of paralysis (10)
 F - a wand of polymorph (8)
 G - a wand of iceblast (11)
 P - a wand of disintegration (6)
 Q - a wand of acid (6)
Scrolls
 f - 3 scrolls of teleportation
 g - 10 scrolls of remove curse
 n - 2 scrolls of immolation {unknown}
 v - 6 scrolls of amnesia
 z - 7 scrolls of identify
 A - 2 scrolls of blinking {unknown}
 B - a scroll of fog {unknown}
 E - 3 scrolls of enchant weapon {unknown}
 N - a scroll of magic mapping
 O - a scroll of enchant armour {unknown}
Potions
 i - 5 potions of lignification
 j - 4 potions of resistance
 k - 2 potions of magic {unknown}
 l - a potion of might {unknown}
 p - 2 potions of curing
 q - 4 potions of heal wounds {unknown}
 r - 2 potions of agility {unknown}
 t - a potion of mutation {unknown}
 u - 3 potions of brilliance {unknown}
 C - a potion of haste
 D - a potion of flight {unknown}
 K - 2 potions of invisibility
Comestibles
 d - 31 rations


   Skills:
 + Level 10.1 Fighting
 - Level 1.5 Dodging
 - Level 2.1 Stealth
 - Level 4.5 Shields
 + Level 8.9 Spellcasting
 + Level 12.8 Conjurations
   Level 0.7 Transmutations
 + Level 14.6 Earth Magic


You had 18 spell levels left.
You knew the following spells:

 Your Spells              Type           Power        Failure   Level  Hunger
a - Sandblast             Erth           ######       0%          1    None
b - Stone Arrow           Conj/Erth      ######       1%          3    None
c - Lee's Rapid Deconstr  Erth           ######....   1%          5    None
d - Blink                 Tloc           N/A          12%         2    None

Your spell library contained the following spells:

 Spells                   Type           Power        Failure   Level  Hunger
 Magic Dart               Conj           ####         1%          1    None
 Conjure Flame            Conj/Fire      ####....     1%          3    None
 Slow                     Hex            #.......     12%         2    None
 Confuse                  Hex            #.......     24%         3    None
 Mephitic Cloud           Conj/Pois/Air  ####....     1%          3    None
 Iskenderun's Mystic Bla  Conj           ######..     1%          4    None
 Call Imp                 Summ           #.......     12%         2    None
 Tukima's Dance           Hex            #.......     24%         3    None
 Spider Form              Tmut/Pois      ##........   21%         3    None
 Blade Hands              Tmut           ##........   85%         5    None
 Ice Form                 Ice/Tmut       ##......     54%         4    None
 Confusing Touch          Hex            #.....       8%          1    None
 Passwall                 Tmut/Erth      #####...     1%          2    None
 Sticks to Snakes         Tmut           ##......     9%          2    None
 Ensorcelled Hibernation  Hex/Ice        #.....       12%         2    None
 Metabolic Englaciation   Hex/Ice        #.........   91%         5    None
 Corona                   Hex            #......      8%          1    None
 Petrify                  Tmut/Erth      #####...     3%          4    None
 Beastly Appendage        Tmut           ##....       6%          1    None
 Fulminant Prism          Conj/Hex       ####......   1%          4    None
 Dazzling Spray           Conj/Hex       ####..       1%          3    None
 Force Lance              Conj/Tloc      ####....     1%          4    None
 Searing Ray              Conj           ######       1%          2    None
 Gell's Gravitas          Tloc           #.........   24%         3    None
 Yara's Violent Unravell  Hex/Tmut       ##........   41%         5    None


Dungeon Overview and Level Annotations

Branches:
Dungeon (12/15)            Temple (1/1) D:5            Lair (5/6) D:8
 Shoals (0/4) Lair:4       Spider (0/4) Lair:3        Slime (0/5) Lair:5
    Orc (0/2) D:9

Altars:
Ashenzari
Cheibriados
Dithmenos
Elyvilon
Hepliaklqana
Kikubaaqudgha
Makhleb
Nemelex Xobeh
Qazlal
Ru
Sif Muna
Trog
Uskayaw
Vehumet
Wu Jian
Xom
Zin
The Shining One

Shops:
D:8 !

Annotations:
Lair:1 1 runed door, Tovarisch's ghost, novice TrMo


Innate Abilities, Weirdness & Mutations

You are resistant to torment.
Your stone body is resilient. (AC +9)
You are immune to poison.
You resist negative energy. (rN+)
You are resistant to electric shocks. (rElec)
You can survive without breathing.
You are immune to petrification.
You are immune to rotting.


Message History

Aim: a minotaur, wielding a shortbow of flaming and wearing a plate armour (almost dead)
The blast of sand hits the minotaur.
The minotaur is almost dead.
e - 346 stones
* * * LOW MAGIC WARNING * * *
The minotaur shoots an arrow.
The arrow hits you!
* * * LOW HITPOINT WARNING * * *
The arrow burns you.
* * * LOW HITPOINT WARNING * * *
Casting: Sandblast (safe; 0% risk of failure)
Confirm with . or Enter, or press ? or * to list all spells.
Aiming: Sandblast (safe; 0% risk of failure)
Press: ? - help, Shift-Dir - straight line, f/p - minotaur
Aim: a minotaur, wielding a shortbow of flaming and wearing a plate armour (almost dead)
The blast of sand hits the minotaur.
The minotaur is almost dead.
e - 345 stones
* * * LOW MAGIC WARNING * * *
The minotaur shoots an arrow.
The arrow hits you!!
You die...

▒·▒ ··· ▒·▒ ▒··
▒▒▒▒▒▒▒·▒▒▒ ▒ ▒
▒········ ▒···
▒▒▒···▒·▒·▒·▒▒▒
·······@······▒
▒▒▒··▒▒▒▒▒H▒▒·▒
▒ ▒····▒ ▒)· ▒
· ▒▒ ▒ ▓ ▒8·
▒·· ▒ ▓ ▒H· ··▒
▒·▓ ▒8· ▒·· ▒·
▒·· ▒H·▒ ▒▒▒ ·▓
▒8 ▒· ▒· · ··▓


You could see a minotaur.

Vanquished Creatures
  Harold (D:7)
  2 hydras
  2 two-headed ogres
  Pikel (D:8)
  A deep elf mage (Bailey)
  2 ugly things
  A merfolk siren (Lair:4)
  A centaur zombie (D:11)
  A gargoyle (D:11)
  Joseph (D:7)
  2 spiny frogs
  2 rime drakes
  5 komodo dragons
  A jumping spider (Lair:3)
  3 hornets
  3 merfolk (Lair:4)
  6 blink frogs
  Prince Ribbit (D:7)
  4 dream sheep (Lair:4)
  4 hippogriffs
  Sigmund (D:2)
  10 redbacks
  13 yaks
  2 water elementals (D:12)
  A wraith (D:11)
  A wyvern (Lair:4)
  A basilisk (Lair:1)
  2 hungry ghosts
  8 water moccasins
  A soldier ant (D:8)
  3 porcupines
  9 orc warriors
  2 slaves (D:8)
  A sky beast (D:7)
  7 ice beasts
  3 phantoms
  An eye of draining (D:10)
  A necrophage (D:8)
  9 ogres
  8 wolves
  4 centaurs
  7 crocodiles
  4 big kobolds
  Blork the orc (D:6)
  11 bullfrogs
  A gnoll sergeant (D:9)
  A water moccasin skeleton (D:6)
  2 scorpions
  2 spriggan skeletons (Lab)
  A troll skeleton (Lab)
  5 wights (D:9)
  4 jellies
  7 crimson imps
  A quasit (D:9)
  4 orc priests
  A gnoll shaman (D:9)
  3 centaur skeletons
  8 hounds
  2 iguanas
  9 orc wizards
  Terence (D:3)
  13 worker ants
  2 howler monkey zombies
  2 worker ant zombies
  Robin (D:2)
  2 howler monkey skeletons
  5 adders
  9 gnolls (D:9)
  5 shadow imps
  3 oozes
  4 adder skeletons
  5 worms
  A dart slug (D:1)
  7 leopard geckos
  41 orcs
  A ball python (D:3)
  5 giant cockroaches
  10 goblins
  11 hobgoblins
  32 jackals
  5 quokkas
  10 bats
  2 frilled lizards
  A jackal skeleton (D:5)
  9 kobolds
  A quokka skeleton (D:5)
  A quokka zombie (D:5)
  8 rats
403 creatures vanquished.

Vanquished Creatures (others)
  2 fungi (Lair:4)
  5 plants
7 creatures vanquished.

Grand Total: 410 creatures vanquished

Notes
Turn   | Place    | Note
-------+----------+-------------------------------------------
     0 | D:1      | Azzok the Gargoyle Earth Elementalist began the quest for the Orb.
     0 | D:1      | Reached XP level 1. HP: 10/10 MP: 3/3
    17 | D:1      | Reached skill level 4 in Earth Magic
    31 | D:1      | Reached XP level 2. HP: 10/15 MP: 0/5
   442 | D:1      | Reached skill level 5 in Earth Magic
   442 | D:1      | Reached XP level 3. HP: 18/19 MP: 6/6
   462 | D:1      | Learned a level 3 spell: Stone Arrow
  1135 | D:2      | Noticed Robin
  1138 | D:2      | Reached skill level 1 in Conjurations
  1212 | D:2      | Killed Robin
  1212 | D:2      | Reached XP level 4. HP: 20/24 MP: 7/7
  1557 | D:2      | Noticed Sigmund
  1581 | D:2      | Killed Sigmund
  1581 | D:2      | Reached skill level 6 in Earth Magic
  1581 | D:2      | Reached XP level 5. HP: 3/28 MP: 8/8
  1581 | D:2      | Reached XP level 6. HP: 3/32 MP: 9/9
  2097 | D:2      | Found a bloodstained altar of Trog.
  2324 | D:3      | Noticed Terence
  2343 | D:3      | Killed Terence
  2393 | D:3      | Reached skill level 7 in Earth Magic
  3381 | D:4      | Reached XP level 7. HP: 32/36 MP: 10/10
  3805 | D:4      | Reached skill level 5 in Conjurations
  3983 | D:5      | Entered Level 5 of the Dungeon
  4422 | D:5      | Reached skill level 8 in Earth Magic
  4632 | D:5      | Reached XP level 8. HP: 41/41 MP: 1/11
  4642 | D:5      | Reached skill level 9 in Earth Magic
  4988 | D:5      | Found a burning altar of Makhleb.
  4997 | D:5      | Found a sparkling altar of Nemelex Xobeh.
  4998 | D:5      | Found a glowing golden altar of the Shining One.
  5064 | D:5      | Got a warped dagger
  5065 | D:5      | Identified the cursed +2 dagger of Mumet {drain, rF+ MR+ Str+3} (You found it on level 5 of the Dungeon)
  5185 | D:5      | Found a staircase to the Ecumenical Temple.
  5273 | Temple   | Entered the Ecumenical Temple
  5280 | Temple   | Became a worshipper of Vehumet
  6127 | D:6      | Reached skill level 10 in Earth Magic
  6379 | D:6      | Reached XP level 9. HP: 45/45 MP: 0/12
  6699 | D:6      | Learned a level 5 spell: Lee's Rapid Deconstruction
  6837 | D:6      | Reached skill level 1 in Fighting
  7221 | D:6      | Noticed Blork the orc
  7231 | D:6      | Killed Blork the orc
  7423 | D:6      | Reached skill level 11 in Earth Magic
  7619 | D:6      | Found a hazy altar of Hepliaklqana.
  7619 | D:6      | Found a shadowy altar of Dithmenos.
  7671 | D:6      | Found a faded altar of an unknown god.
  7673 | D:6      | Found a shattered altar of Ashenzari.
  7674 | D:6      | Found a faded altar of an unknown god.
  7769 | D:7      | Noticed Prince Ribbit
  7774 | D:7      | Killed Prince Ribbit
  7824 | D:7      | Reached * piety under Vehumet
  7824 | D:7      | Offered knowledge of Magic Dart by Vehumet.
  7988 | D:7      | Noticed Harold
  8003 | D:7      | Killed Harold
  8003 | D:7      | Reached XP level 10. HP: 30/56 MP: 4/16
  8299 | D:8      | Found Alit's Distillery.
  8376 | D:8      | Found a glowing silver altar of Zin.
  8852 | D:7      | Noticed Joseph
  8857 | D:7      | Killed Joseph
  9033 | D:7      | Reached skill level 5 in Fighting
  9153 | D:7      | Got a faintly humming leather armour
  9297 | D:7      | Reached skill level 10 in Conjurations
  9301 | D:7      | Learned a level 2 spell: Blink
  9301 | D:7      | Identified the +1 leather armour "Tisty" {rPois Regen+} (You found it on level 7 of the Dungeon)
  9402 | D:7      | Reached skill level 12 in Earth Magic
  9466 | D:7      | Found a snail-covered altar of Cheibriados.
  9690 | D:8      | Reached skill level 5 in Spellcasting
  9813 | D:8      | Noticed Pikel
  9848 | D:8      | Killed Pikel
  9866 | D:8      | Found a staircase to the Lair.
  9875 | D:8      | Bought a potion of degeneration for 11 gold pieces
  9875 | D:8      | Bought a potion of curing for 33 gold pieces
 10215 | D:8      | HP: 2/60 [hornet (9)]
 10733 | D:8      | Noticed a two-headed ogre
 10737 | D:8      | Killed a two-headed ogre
 10737 | D:8      | Reached XP level 11. HP: 53/66 MP: 19/19
 11089 | D:9      | Reached ** piety under Vehumet
 11102 | D:9      | Offered knowledge of Freeze by Vehumet.
 11742 | D:9      | Found a staircase to the Orcish Mines.
 12224 | D:10     | Entered Level 10 of the Dungeon
 12304 | D:10     | Offered knowledge of Inner Flame by Vehumet.
 12523 | D:10     | Found a flagged portal.
 12555 | Bailey   | Entered a bailey
 12579 | Bailey   | Noticed a deep elf mage
 12584 | Bailey   | Killed a deep elf mage
 12637 | Bailey   | Noticed a deep elf mage
 12639 | Bailey   | Noticed a deep elf mage
 12639 | Bailey   | Noticed a deep elf mage
 12804 | D:10     | Reached *** piety under Vehumet
 12905 | D:10     | Reached skill level 13 in Earth Magic
 13225 | D:11     | Noticed a green ugly thing
 13231 | D:10     | Killed a green ugly thing
 13413 | D:11     | Offered knowledge of Airstrike by Vehumet.
 13467 | D:11     | Noticed a two-headed ogre
 13478 | D:11     | Killed a two-headed ogre
 14293 | D:11     | Noticed a purple ugly thing
 14298 | D:11     | Killed a purple ugly thing
 14744 | D:12     | Reached XP level 12. HP: 72/74 MP: 22/22
 14895 | Lair:1   | Entered Level 1 of the Lair of Beasts
 14898 | Lair:1   | Reached **** piety under Vehumet
 15119 | Lair:1   | Found a runed door.
 15122 | Lair:1   | Noticed a spriggan rider
 15122 | Lair:1   | Noticed Tovarisch's ghost (novice TrMo)
 15127 | Lair:1   | Found an ancient bone altar of Kikubaaqudgha.
 15261 | Lair:1   | Offered knowledge of Olgreb's Toxic Radiance by Vehumet.
 16547 | Lair:2   | Reached skill level 1 in Shields
 17558 | Lair:3   | Found a hole to the Spider Nest.
 17828 | Lair:2   | Reached skill level 14 in Earth Magic
 18645 | Lair:3   | Noticed an eight-headed hydra
 18654 | Lair:3   | Killed an eight-headed hydra
 18990 | Lair:4   | Reached ***** piety under Vehumet
 18990 | Lair:4   | Offered knowledge of Bolt of Magma by Vehumet.
 19321 | Lair:4   | Reached XP level 13. HP: 79/81 MP: 11/25
 20047 | Lair:4   | Reached skill level 10 in Fighting
 20105 | Lair:4   | Found a staircase to the Shoals.
 20334 | Lair:5   | Found a labyrinth entrance.
 20339 | Lab      | Entered a labyrinth
 20633 | Lab      | Noticed a minotaur
 20665 | Lab      | Shot with an arrow by a minotaur

Skill      XL: |  1  2  3  4  5  6  7  8  9 10 11 12 13 |
---------------+----------------------------------------+-----
Earth Magic    | 4 5 6 7 8 10 11 12 13 14 | 14.6
Conjurations   | 1 3 4 6 8 9 10 11 12 | 12.8
Fighting       | 4 6 8 9 10 | 10.1
Spellcasting   | 4 5 7 8 |  8.9
Shields        | 4 |  4.5
Dodging        | |  1.5
Stealth        | |  2.1
Transmutations | |  0.7

Action                   |  1- 3 |  4- 6 |  7- 9 | 10-12 | 13-15 || total
-------------------------+-------+-------+-------+-------+-------++-------
Melee: Unarmed           |    22 |       |       |       |       ||    22
       Dagger            |    96 |   254 |   151 |    63 |       ||   564
 Cast: Sandblast         |     6 |       |    55 |   149 |    32 ||   242
       Stone Arrow       |       |       |    62 |   287 |    55 ||   404
       Blink             |       |       |       |     5 |       ||     5
       Lee's Rapid Decon |       |       |       |     9 |     6 ||    15
  Use: Scroll            |       |       |     8 |     4 |     2 ||    14
       Potion            |       |       |       |     3 |       ||     3
 Stab: Sleeping          |       |       |     3 |     1 |       ||     4
  Eat: Chunk             |       |     8 |    22 |    32 |     4 ||    66
       Ration            |       |       |       |     3 |       ||     3
Armor: Robe              |    14 |       |    39 |   147 |    24 ||   224
       Plate armour      |   106 |   267 |    82 |       |       ||   455
Dodge: Dodged            |    49 |    23 |    85 |   169 |    19 ||   345
Block: Buckler           |       |       |       |       |     6 ||     6
